Map: [ESL] Tropical Sacrifice

Players

ShoWTimE - Winner!

  • Race: Protoss Protoss
  • League: Master
  • Spawn Location: 7:00

Spirit (souL)

  • Race: Terran Terran
  • League: Master
  • Spawn Location: 1:00

VOD

Have the link to the VOD?

Description

Time

  • Played on: Oct. 23, 2022, 9:34 p.m.
  • Length: 17:41
Show
View Real Time Build Order
Export as new Build Order

ShoWTimE Protoss - Winner!

Build Orders:  

Get SALT Encoding   

  12  0:00  Probe  
  13  0:12  Probe  
  14  0:18  Pylon  
  14  0:24  Probe  
  15  0:36  Probe (Chrono Boost)  
  15  0:37  Gateway  
  16  0:45  Probe (Chrono Boost)  
  16  0:47  Assimilator  
  17  0:51  Probe (Chrono Boost)  
  18  1:03  Probe  
  19  1:15  Probe  
  20  1:24  Cybernetics Core  
  20  1:28  Zealot  
  20  1:29  Probe  
  20  1:30  Assimilator  
  23  1:39  Pylon  
  23  1:57  Probe  
  23  1:58  Stalker (Chrono Boost)  
  26  2:02  Warp Gate  
  26  2:05  Gateway  
  26  2:09  Probe  
  27  2:21  Probe, Stalker (Chrono Boost)  
  30  2:28  Pylon  
  30  2:33  Probe  
  31  2:45  Stalker  
  33  2:52  Stalker  
  33  2:54  Shield Battery  
  33  2:55  Probe  
  36  3:04  Pylon  
  36  3:08  Probe  
  37  3:21  Probe  
  37  3:33  Probe  
  38  3:43  Nexus  
  38  3:45  Twilight Council, Probe  
  39  3:51  Sentry  
  41  3:57  Probe  
  41  4:01  Robotics Facility  
  42  4:09  Probe  
  43  4:10  Phoenix  
  43  4:15  Stalker, Blink (Chrono Boost)  
  45  4:21  Pylon  
  45  4:27  Probe  
  46  4:40  Probe  
  46  4:41  Stalker  
  49  4:45  Stalker  
  49  4:48  Observer  
  52  4:53  Probe  
  52  4:55  Probe  
  52  5:09  Probe  
  52  5:11  Probe  
  55  5:14  Observer  
  55  5:21  Probe, Pylon  
  55  5:23  Probe  
  55  5:27  Nexus  
  57  5:32  Assimilator  
  57  5:33  Probe  
  57  5:35  Probe  
  59  5:37  Assimilator  
  59  5:38  Observer  
  59  5:45  Charge, Probe  
  59  5:47  Probe  
  59  5:48  Templar Archives  
  61  5:57  Gateway  
  61  5:58  Probe  
  61  5:59  Probe  
  63  6:06  Psionic Storm  
  63  6:10  Probe, Gateway  
  63  6:11  Gateway  
  64  6:12  Observer  
  64  6:14  Probe  
  65  6:22  Probe  
  65  6:25  Gateway  
  66  6:28  Observer, High Templar  
  66  6:29  Probe  
  69  6:35  High Templar  
  69  6:36  Probe  
  72  6:41  Observer, Probe  
  72  6:42  Gateway  
  72  6:44  Gateway  
  72  6:45  Probe  
  74  6:48  Probe  
  74  6:53  High Templar  
  74  6:54  Probe  
  78  6:57  Probe  
  78  7:00  Probe  
  78  7:01  Warp Prism (Chrono Boost)  
  82  7:08  Shield Battery, High Templar  
  82  7:09  Zealot  
  86  7:18  Probe x2  
  86  7:21  Pylon  
  86  7:22  Probe  
  88  7:29  Zealot x3  
  92  7:33  Forge  
  92  7:35  Stalker  
  92  7:40  Stalker x3  
  98  7:44  Assimilator  
  98  7:47  Stalker, Assimilator  
  100  7:56  Protoss Ground Weapons Level 1 (Chrono Boost)  
  100  7:58  Pylon  
  100  7:59  Pylon  
  100  8:00  Pylon  
  100  8:09  Zealot  
  100  8:13  Photon Cannon, Pylon  
  100  8:15  Pylon  
  100  8:16  Pylon  
  100  8:22  Zealot x2, Stalker x2  
  100  8:24  Stalker  
  110  8:27  High Templar x2  
  110  8:29  Probe  
  110  8:30  Probe x2  
  110  8:31  Archon  
  110  8:33  Observer (Chrono Boost)  
  118  8:38  Zealot  
  120  8:47  Probe x3  
  119  8:51  Photon Cannon  
  119  8:55  Photon Cannon  
  117  8:59  Probe x3 (Chrono Boost)  
  121  9:10  Zealot x2, Probe x3 (Chrono Boost)  
  121  9:15  Zealot, Probe x3 (Chrono Boost)  
  123  9:22  Zealot x2  
  120  9:25  Probe  
  117  9:40  High Templar x5, Pylon  
  117  9:41  High Templar  
  129  9:46  Archon x3  
  129  9:57  Nexus  
  128  10:01  Stalker  
  128  10:02  Stalker  
  128  10:03  Pylon  
  132  10:13  Stalker x5, Pylon  
  132  10:14  Stalker  
  144  10:23  Protoss Ground Armor Level 1 (Chrono Boost)  
  144  10:26  Pylon  
  144  10:31  Pylon  
  144  10:33  Zealot x2  
  148  10:36  Pylon  
  148  10:38  Pylon  
  144  10:48  Pylon  
  144  10:50  Pylon  
  144  10:53  Photon Cannon  
  144  10:56  Shield Battery  
  144  10:57  Zealot x6  
  143  11:06  Probe x2  
  143  11:08  Photon Cannon  
  141  11:18  Zealot x2  
  141  11:19  Zealot x4  
  141  11:22  Zealot  
  149  11:38  Pylon  
  129  11:40  Zealot  
  129  11:41  Zealot x2  
  129  11:45  Zealot  
  115  11:58  Robotics Facility  
  115  11:59  Gateway  
  112  12:01  Gateway  
  110  12:08  Observer  
  110  12:19  Immortal  
  114  12:25  Probe x2  
  114  12:26  Probe  
  115  12:31  High Templar x4  
  115  12:32  Nexus  
  115  12:35  Archon x2, Protoss Ground Weapons Level 2 (Chrono Boost)  
  123  12:37  Probe  
  115  13:05  Zealot x6  
  120  13:21  Probe x3  
  120  13:26  High Templar x6  
  135  13:34  Nexus  
  135  13:37  Photon Cannon  
  134  13:46  Probe x2  
  134  13:47  Probe  
  137  13:55  Assimilator  
  137  13:57  Pylon  
  137  14:01  Probe x2  
  137  14:02  Probe  
  138  14:11  Cybernetics Core  
  138  14:12  Zealot x5  
  138  14:13  Zealot, Probe x2  
  152  14:18  Pylon  
  152  14:19  Probe  
  152  14:21  Observer (Chrono Boost)  
  150  14:45  Robotics Bay  
  150  14:46  Observer (Chrono Boost)  
  150  14:48  Probe x4  
  155  14:54  Photon Cannon  
  155  14:55  Shield Battery, Zealot x2  
  159  15:00  Probe x2  
  157  15:15  Zealot x2  
  157  15:16  Zealot x2, Robotics Facility  
  157  15:20  Probe x4  
  167  15:26  Zealot x2  
  127  15:50  Zealot x6  
  145  16:01  Probe x2  
  145  16:02  Colossus x2 (Chrono Boost)  
  146  16:11  Colossus (Chrono Boost)  
  150  16:26  Pylon  
  150  16:32  Probe x3  
  153  16:41  Nexus  
  153  16:45  High Templar x3  
  153  16:46  High Templar, Pylon  
  161  16:49  Colossus (Chrono Boost)  
  161  16:50  Archon x2  
  167  16:58  Assimilator  
  167  17:01  Disruptor x2 (Chrono Boost)  
  173  17:09  Zealot, Sentry  
  163  17:26  Stalker x4  
  167  17:35  Photon Cannon  
Show
View Real Time Build Order
Export as new Build Order

Spirit Terran 

Build Orders:  

Get SALT Encoding   

  12  0:00  SCV  
  13  0:12  SCV  
  14  0:18  Supply Depot  
  14  0:24  SCV  
  15  0:40  Barracks  
  15  0:51  Barracks  
  15  0:55  SCV  
  16  1:07  SCV  
  16  1:08  Refinery  
  17  1:19  SCV  
  18  1:28  Marine  
  18  1:32  Orbital Command  
  19  1:39  Marine  
  20  1:45  Supply Depot  
  20  1:46  Marine  
  21  1:52  Bunker  
  21  1:57  Marine  
  21  1:59  SCV  
  23  2:10  Factory  
  23  2:14  Marine  
  24  2:18  SCV  
  24  2:22  Marine  
  26  2:31  SCV  
  27  2:39  Marine  
  27  2:41  Supply Depot  
  27  2:43  SCV  
  30  2:55  SCV  
  30  2:57  Starport  
  31  3:03  Refinery, Widow Mine  
  32  3:07  SCV  
  33  3:20  SCV  
  33  3:24  Widow Mine  
  35  3:37  Command Center, Medivac  
  35  3:45  Bunker, Factory Tech Lab  
  35  3:46  SCV  
  35  3:53  Supply Depot  
  35  4:06  SCV  
  35  4:11  Siege Tank  
  35  4:14  Marine  
  35  4:16  Marine  
  40  4:19  SCV  
  40  4:21  Supply Depot  
  41  4:27  Viking  
  44  4:31  SCV  
  44  4:32  Marine  
  44  4:38  Barracks Reactor  
  45  4:43  SCV  
  45  4:44  Barracks  
  46  4:51  Orbital Command  
  46  4:56  SCV  
  45  5:08  SCV  
  45  5:10  Stimpack  
  45  5:11  Marauder  
  45  5:12  Engineering Bay  
  48  5:14  Orbital Command  
  48  5:18  Marine  
  48  5:19  Marine  
  48  5:20  SCV  
  49  5:32  SCV, Barracks Tech Lab  
  49  5:33  Factory Reactor, Starport Reactor  
  50  5:41  Missile Turret  
  50  5:44  SCV x2  
  50  5:46  Marine  
  53  5:50  Combat Shield  
  53  5:53  Refinery  
  53  5:56  SCV  
  54  5:58  Marauder, Marine  
  54  6:03  Marauder  
  59  6:05  SCV  
  59  6:08  SCV  
  59  6:10  Refinery  
  59  6:11  Supply Depot  
  59  6:16  Marine  
  59  6:17  SCV, Marine  
  62  6:20  SCV, Medivac  
  65  6:28  Supply Depot  
  65  6:29  SCV  
  65  6:31  Medivac  
  68  6:33  Supply Depot, SCV  
  68  6:39  Widow Mine x2  
  73  6:40  Marine x2  
  73  6:42  SCV  
  73  6:45  SCV  
  77  6:52  Terran Infantry Weapons Level 1  
  77  6:54  SCV  
  77  6:57  Marauder  
  77  6:58  Marauder, Marine  
  77  7:00  SCV  
  77  7:01  Marine  
  83  7:05  Medivac  
  83  7:07  Widow Mine  
  87  7:11  Widow Mine  
  87  7:14  SCV x2  
  87  7:15  Supply Depot  
  90  7:16  Supply Depot  
  90  7:18  Marine  
  90  7:19  Marauder  
  90  7:21  Marine  
  94  7:36  Medivac, Marine  
  94  7:41  Medivac  
  94  7:43  Marine  
  97  7:47  Marine  
  97  7:48  Supply Depot, Command Center, Marauder  
  97  7:49  Widow Mine  
  102  7:57  Marine  
  103  8:01  Widow Mine  
  105  8:06  Medivac, Marauder  
  105  8:08  Marine  
  105  8:11  Medivac, Widow Mine, Marine  
  113  8:14  Marine  
  113  8:18  SCV  
  115  8:20  Barracks, SCV  
  115  8:21  Barracks  
  115  8:26  Marine  
  117  8:31  SCV  
  118  8:42  Marine  
  118  8:44  SCV x2  
  118  8:48  Marine  
  118  8:55  Widow Mine  
  118  8:59  SCV, Widow Mine  
  118  9:00  Medivac, Marauder  
  115  9:03  Terran Infantry Armor Level 1  
  115  9:04  Supply Depot x2  
  115  9:05  Supply Depot  
  115  9:11  Marine  
  115  9:12  SCV, Marauder, Marine  
  115  9:13  Medivac  
  112  9:20  Marine  
  112  9:24  SCV, Orbital Command  
  107  9:28  SCV  
  107  9:29  Marine x2  
  107  9:30  Medivac  
  111  9:33  Marine  
  111  9:37  SCV, Widow Mine  
  113  9:38  Marine  
  113  9:41  SCV  
  113  9:43  Medivac  
  113  9:45  Barracks Reactor, Barracks Tech Lab  
  115  9:49  SCV  
  115  9:50  Widow Mine  
  115  9:52  Marine  
  121  9:53  Marauder  
  121  9:58  Widow Mine  
  123  10:00  Medivac  
  123  10:02  Ghost Academy, Armory  
  123  10:03  Refinery x2  
  125  10:08  Marine x2  
  129  10:27  Command Center  
  132  10:33  Ghost x3  
  132  10:34  Marine x4  
  135  10:49  Engineering Bay  
  135  10:51  SCV  
  135  10:52  SCV x2, Marine x2  
  140  10:57  Terran Infantry Weapons Level 2  
  140  11:01  Refinery  
  140  11:02  Ghost x3  
  140  11:04  SCV x3  
  146  11:09  Marine x2  
  146  11:10  Marine x2  
  147  11:16  SCV x2  
  137  11:27  Marine x2  
  137  11:28  Marine x2  
  137  11:31  Marauder, Marine x2  
  127  11:45  Marine x3  
  127  11:46  Planetary Fortress, Marine  
  116  12:09  Marauder x3  
  116  12:14  Marine  
  118  12:16  Marine  
  118  12:22  Marine  
  118  12:29  Marine  
  118  12:30  Marauder x3  
  118  12:37  Marine  
  124  12:43  Marine  
  126  12:45  Marine  
  126  12:47  Marine  
  126  12:52  Marauder x3  
  127  13:01  Marine  
  125  13:12  Marine  
  124  13:13  Marauder  
  124  13:19  Marine  
  119  13:22  Viking x2  
  119  13:23  Marauder x2, Marine  
  119  13:24  Marine  
  128  13:29  Marine  
  129  13:34  Marauder  
  129  13:37  Marine  
  129  13:41  Marine  
  133  13:42  Marine  
  133  13:47  Supply Depot  
  134  14:01  Orbital Command  
  134  14:04  Refinery  
  134  14:09  Viking  
  134  14:13  Sensor Tower  
  134  14:16  Supply Depot  
  134  14:34  Marine  
  134  14:35  Marine x2  
  134  14:36  Marauder  
  134  14:37  Viking, Ghost  
  138  14:40  Supply Depot, SCV  
  138  14:41  SCV  
  140  14:50  Missile Turret  
  140  14:51  Missile Turret  
  140  14:53  Marauder  
  142  15:01  Marine x2  
  142  15:02  Marauder, Marine  
  142  15:05  SCV  
  142  15:06  Marauder  
  140  15:12  Marine  
  133  15:14  Ghost  
  133  15:18  Medivac  
  133  15:19  Marine  
  133  15:20  Medivac  
  140  15:23  Ghost  
  140  15:24  Refinery x2  
  132  15:36  Marine  
  108  15:47  Marine  
  108  15:48  Medivac  
  108  15:49  Medivac, Marine  
  101  15:50  Marauder  
  101  15:51  Marauder, Marine  
  101  15:52  Marauder  
  101  15:55  Marine  
  101  15:56  Widow Mine  
  111  15:59  Widow Mine  
  111  16:03  SCV x2  
  112  16:05  Marine  
  112  16:07  Marine  
  113  16:11  Marauder  
  113  16:12  Marine  
  113  16:14  Marine  
  113  16:15  SCV x2  
  112  16:20  Marine  
  113  16:26  Widow Mine x2  
  113  16:27  SCV x2  
  113  16:30  Marauder  
  121  16:38  Marauder x2, Marine  
  127  16:43  Medivac x2  
  130  16:48  Marine  
  130  16:50  Marine  
  130  16:51  Marauder  
  134  16:58  Marine  
  134  16:59  Marauder  
  134  17:00  Marauder, Marine  
  140  17:06  Marine  
  140  17:08  Marine  
  142  17:21  Marine  
Tags
 
Add a new tag
Caveats
  • Supply blocks, unpowered buildings, or Contaminate may cause inaccurate times.
  • Supply counts are checked every 10 seconds.